 Dungeon Crawl Stone Soup version 0.27-a0-1528-g90fbb72469 (webtiles) character file.

Game seed: 17766107733129929628

471 2tc the Ruffian (level 6, 0/47 HPs)
             Began as a Draconian Transmuter on July 5, 2021.
             Slain by Prince Ribbit (15 damage)
             ... on level 5 of the Dungeon on July 11, 2021.
             The game lasted 00:16:39 (5179 turns).

2tc the Ruffian (Draconian Transmuter)              Turns: 5179, Time: 00:16:40

Health: 0/47       AC:  8    Str: 14    XL:     6   Next: 83%
Magic:  9/9        EV: 12    Int: 14    God:
Gold:   242        SH:  0    Dex: 11    Spells: 2/9 levels left

rFire    . . .     SeeInvis .     - Unarmed
rCold    . . .     Faith    .   (no shield)
rNeg     . . .     Spirit   .   (armour unavailable)
rPois    .         Reflect  .   (helmet restricted)
rElec    .         Harm     .   (no cloak)
rCorr    .         Rampage  .   g - +0 pair of gloves
Will     .....                  d - +0 pair of boots
Stlth    +.........             (no amulet)
HPRegen  0.15/turn              (no ring)
MPRegen  0.11/turn              (no ring)

@: no status effects
A: AC +6, unfitting armour, cold-blooded
a: no special abilities


You were on level 5 of the Dungeon.
You visited 2 branches of the dungeon, and saw 6 of its levels.

You collected 255 gold pieces.
You spent 13 gold pieces at shops.

Inventory:

Armour
 d - a +0 pair of boots (worn)
 g - a +0 pair of gloves (worn)
Scrolls
 a - a scroll of teleportation
Potions
 c - a potion of curing
 e - a potion of attraction
 f - a potion of flight
 h - a potion of might {unknown}
 i - a potion of invisibility {unknown}
 j - a potion of haste {unknown}


   Skills:
 - Level 1.1 Fighting
 - Level 1.7 Dodging
 - Level 5.3 Unarmed Combat
 - Level 2.0 Spellcasting
 * Level 4.9 Transmutations
 - Level 3.0 Ice Magic


You had 2 spell levels left.
You knew the following spells:

 Your Spells              Type           Power      Damage    Failure   Level
a - Beastly Appendage     Tmut           30%        N/A       3%          1
b - Wereblood             Tmut           15%        N/A       4%          2
c - Ice Form              Ice/Tmut       12%        N/A       43%         4

Your spell library contained the following spells:

 Spells                   Type           Power      Damage    Failure   Level
 Static Discharge         Conj/Air       1%         N/A       34%         2
 Spider Form              Tmut/Pois      4%         N/A       26%         3
 Blade Hands              Tmut           7%         N/A       65%         5
 Irradiate                Conj/Tmut      4%         3d14      94%         5
 Lightning Bolt           Conj/Air       0%         1d11      100%        5
 Dragon Form              Tmut           7%         N/A       100%        7
 Maxwell's Capacitive Co  Air            0%         ∞         100%        8


Dungeon Overview and Level Annotations

Branches:
Dungeon (5/15)             Temple (1/1) D:5

Altars:
Ashenzari
Cheibriados
Dithmenos
Elyvilon
Gozag
Hepliaklqana
Kikubaaqudgha
Makhleb
Nemelex Xobeh
Okawaru
Uskayaw
Vehumet
Wu Jian
Yredelemnul
Zin
The Shining One

Shops:
D:3 !

Annotations:
D:5 Dowan, Duvessa, Prince Ribbit


Innate Abilities, Weirdness & Mutations

Your plain brown scales are hard. (AC +6)
You cannot fit into any form of body armour.
You are cold-blooded and may be slowed by cold attacks.


Message History

There is a glowing golden altar of the Shining One here.
(D) Dungeon (T) Temple
Where to? (Enter - D:4 @ (x,y), ? - help)
There is a staircase back to the Dungeon here.
You climb upwards.
Welcome back to the Dungeon!
You hear the sound of rushing water.
There is an entrance to a sewer on this level.
Hurry and find it before the portal rusts away!
Level annotation: Dowan, Duvessa You hear the rusting of a distant drain.
Duvessa hits you but does no damage. Duvessa hits you with a +0 rapier!
There is a staircase to the Ecumenical Temple, spattered with blood here.
Okay, then.
Okay, then.
As you read the scroll of teleportation, it crumbles to dust.
You feel strangely unstable. Duvessa hits you with a +0 rapier.
You hit Duvessa but do no damage.
Your tail-slap misses Duvessa.
Duvessa closely misses you.
You hit Duvessa but do no damage. Duvessa hits you with a +0 rapier!
You hit Duvessa.
Duvessa is lightly wounded.
Your surroundings suddenly seem different.
Prince Ribbit comes into view.
Prince Ribbit croaks.
An adder comes into view.
The adder hisses angrily.
You hear an angry hiss.
An iguana comes into view.
Prince Ribbit blinks!
Found 14 arrows.
The adder barely misses you.
Prince Ribbit blinks!
The adder barely misses you. The adder bites you.
You hit the adder.
Your tail-slap misses the adder.
The adder is lightly wounded.
The adder bites you.
You barely miss the adder.
The adder is lightly wounded.
Prince Ribbit hits you! The adder barely misses you. Prince Ribbit hits you!
You die...

####### #.....# #.....###
#....... #.....# #...@.# ###F###
#<.### ## ##.#(. #. #.#.# ######.
#l#.# ...... #.#.## ###.# #.
######## ######....######.#.###.
<......................>........<


You could see Prince Ribbit.

Vanquished Creatures
  An ogre (D:4)
  2 scorpions (D:4)
  An orc priest (D:3)
  A hound skeleton (D:4)
  Robin (D:2)
  5 adders
  4 gnolls
  A white imp (D:4)
  2 adder skeletons (D:4)
  4 worms
  4 dart slugs
  7 orcs
  4 endoplasms
  5 giant cockroaches
  12 goblins
  9 hobgoblins
  8 jackals
  6 kobolds
  2 quokkas
  6 ball pythons
  5 bats
  2 frilled lizards (D:3)
  6 rats
98 creatures vanquished.

Notes
Turn   | Place    | Note
-------+----------+-------------------------------------------
     0 | D:1      | 2tc the Draconian Transmuter began the quest for the Orb.
     0 | D:1      | Reached XP level 1. HP: 16/16 MP: 3/3
    55 | D:1      | Found a faded altar of an unknown god.
    60 | D:1      | Reached XP level 2. HP: 20/23 MP: 5/5
    73 | D:1      | Learned a level 2 spell: Wereblood
   289 | D:1      | Reached skill level 4 in Unarmed Combat
   303 | D:1      | Upgraded the game from 0.27-a0-1448-g9c78c815f3 to
                  | 0.27-a0-1512-g99fd57bada
   400 | D:1      | Reached XP level 3. HP: 21/28 MP: 4/6
   618 | D:1      | Upgraded the game from 0.27-a0-1512-g99fd57bada to
                  | 0.27-a0-1528-g90fbb72469
   876 | D:2      | Noticed Robin
   885 | D:2      | Killed Robin
  1035 | D:2      | Reached XP level 4. HP: 35/35 MP: 5/7
  1080 | D:2      | Reached skill level 5 in Unarmed Combat
  1751 | D:2      | Learned a level 4 spell: Ice Form
  1879 | D:3      | Reached XP level 5. HP: 18/40 MP: 6/8
  2223 | D:3      | Found an opulent altar of Gozag.
  2238 | D:3      | Found Ihuyclit's Distillery.
  2250 | D:3      | Bought a potion of degeneration for 13 gold pieces
  2329 | D:3      | Reached skill level 1 in Ice Magic
  2370 | D:3      | Found a glowing silver altar of Zin.
  2447 | D:3      | Found an ornate altar of the Wu Jian Council.
  3505 | D:4      | Reached XP level 6. HP: 29/47 MP: 2/9
  3931 | D:4      | Identified the +6 scale mail of Discretion {Str+3 Slay+4}
  4958 | D:5      | Entered Level 5 of the Dungeon
  4958 | D:5      | Noticed Duvessa
  4958 | D:5      | Noticed Dowan
  5091 | D:5      | Found a staircase to the Ecumenical Temple.
  5100 | Temple   | Entered the Ecumenical Temple
  5169 | D:5      | Noticed Prince Ribbit
  5179 | D:5      | Slain by Prince Ribbit

Illustrated notes

Levels and vault maps discovered:
D:1:      lightli_arrival_boilingwater, layout_rooms, serial_curves,
          eino_curves_04, eino_curves_02, hellmonk_ecumenical_altar_lost_god,
          nrook_campfire
D:2:      layout_basic, chequers_serial_rivers_room_a,
          kennysheep_cluttered_room, uniq_robin
D:3:      layout_basic, mainiacjoe_overflow_surrounded_room, old_standard_altar,
          zin_statuary, serial_shops, nicolae_shop_trees
D:4:      layout_basic, minmay_diced_spiral
D:5:      layout_loops_ring, minmay_temple_entry_statues_pillars,
          portal_sewer_entry_b, uniq_crazy_yiuf_cottage, uniq_prince_ribbit1,
          uniq_duvessa
Temple:   cyrus_circular_temple

Skill      XL: |  1  2  3  4  5  6 |
---------------+-------------------+-----
Unarmed Combat | 4 5 |  5.3
Ice Magic      | 3 |  3.0
Transmutations | 3 4 |  4.9
Fighting       | |  1.1
Dodging        | |  1.7
Spellcasting   | |  2.0

Action                   |  1- 3 |  4- 6 || total
-------------------------+-------+-------++-------
Melee: Unarmed           |    93 |   220 ||   313
       Kick              |    10 |    35 ||    45
       Tailslap          |     6 |    21 ||    27
       Headbutt          |     6 |    15 ||    21
       Punch             |     2 |     5 ||     7
 Cast: Beastly Appendage |    10 |    27 ||    37
       Wereblood         |     1 |     4 ||     5
  Use: Scroll            |     5 |     8 ||    13
       Potion            |       |     1 ||     1
Armor: Skin              |    26 |    60 ||    86
Dodge: Dodged            |    61 |   131 ||   192

Table legend: (Time is in decaauts)
 A = Elapsed time spent in this place.
 B = Non-inter-level travel time spent in this place.
 C = Inter-level travel time spent in this place.
 D = Time resting spent in this place.
 E = Time spent auto-exploring this place.
 F = Levels seen in this place.
 G = Mean time per level.
                   A        B        C        D        E       F      G
               +--------+--------+--------+--------+--------+-----+--------+
         Total |   5160 |   4953 |    207 |    420 |   3707 |   6 |  860.0 |
       Dungeon |   5095 |   4898 |    197 |    420 |   3707 |   5 | 1019.0 |
        Temple |     64 |     54 |     10 |      0 |      0 |   1 |   64.0 |
               +--------+--------+--------+--------+--------+-----+--------+

Top non-repeatable levels by time:
     D:4: 1773 daAuts
     D:3: 1451 daAuts
     D:2: 1056 daAuts
     D:1: 747 daAuts
     D:5: 66 daAuts
  Temple: 64 daAuts
